AoeStats
← Bonging Dro

Lombardia

507639523Analyzed
3v3 RM · 13d ago on Sep 19, 2026· 83m 10s· 6 players
Game mode
Random Map
Map size
Normal (6 player)
Population
200
Speed
Normal
Resources
Standard
Victory
Conquest
Starting age
Dark Age
Ending age
Imperial Age
RankedLock teamsTeams togetherTeam positionsShared explorationLock speedFull tech treeHidden civsTurbo modeCheats
Victory
Defeat
🇺🇸 Spanish · United States
673
+11
🇺🇸 Khmer · United States
669
+11
🇺🇸 Franks · United States
665
+11
🇻🇳 Goths · Vietnam
594
-12
🇨🇱 Mongols · Chile
556
-11
🇦🇷 Sicilians · Argentina
539
-10
Kaizen
7:22 Loom
12:16 Feudal Age
13:36 Wheelbarrow
22:59 Castle Age
21:28 Gold Mining
21:30 Stone Mining
21:27 Double-Bit Axe
23:02 Fletching
23:13 Padded Archer Armor
23:18 Scale Barding Armor
28:37 Gold Shaft Mining
31:29 Stone Shaft Mining
30:36 Horse Collar
32:52 Hand Cart
34:23 Leather Archer Armor
34:03 Bodkin Arrow
34:39 Husbandry
34:49 Bloodlines
34:52 Nomads
40:05 Imperial Age
38:03 Ballistics
38:44 Bow Saw
41:40 Elite Mangudai
42:41 Conscription
44:29 Drill
45:43 Chemistry
44:41 Capped Ram
45:34 Bracer
45:55 Chain Barding Armor
49:11 Town Watch
49:07 Sappers
50:33 Fortified Wall
50:19 Murder Holes
50:35 Masonry
52:06 Caravan
51:53 Elite Steppe Lancer
52:10 Elite Steppe Lancer
54:06 Capped Ram
65:51 Man-at-Arms
66:36 Squires
66:21 Arson
75:29 Thumb Ring
75:51 Parthian Tactics
74:47 Elite Skirmisher
76:48 Siege Engineers
76:35 Guard Tower
81:47 Town Patrol
Kowalsky
1:04 Loom
13:02 Feudal Age
14:01 Horse Collar
15:36 Double-Bit Axe
21:33 Castle Age
20:43 Scale Mail Armor
21:37 Pikeman
22:37 Chain Mail Armor
30:14 Wheelbarrow
29:28 Town Watch
30:55 Heavy Plow
31:14 Bow Saw
34:57 Hand Cart
35:03 Gold Mining
35:04 Stone Mining
39:18 Imperial Age
40:32 Plate Mail Armor
40:07 Scale Barding Armor
40:13 Forging
39:46 Elite Serjeant
40:35 Hauberk
40:56 First Crusade
40:33 Cavalier
41:13 Husbandry
41:24 Bloodlines
42:18 Conscription
43:31 Iron Casting
46:08 Town Patrol
46:17 Caravan
47:29 Chain Barding Armor
48:10 Blast Furnace
49:21 Plate Barding Armor
55:55 Coinage
55:36 Guilds
62:46 Halberdier
74:37 Squires
74:24 Gambesons
74:29 Man-at-Arms
74:56 Long Swordsman
75:25 Two-Handed Swordsman
75:56 Champion
phucvaki
1:06 Loom
14:27 Feudal Age
20:17 Castle Age
20:27 Double-Bit Axe
21:22 Wheelbarrow
20:47 Gold Mining
20:48 Stone Mining
20:47 Horse Collar
22:51 Stone Shaft Mining
23:14 Heavy Plow
26:12 Squires
27:21 Caravan
28:03 Bow Saw
30:21 Anarchy
31:22 Hand Cart
37:02 Forging
36:53 Scale Mail Armor
40:54 Iron Casting
40:35 Chain Mail Armor
46:14 Imperial Age
47:19 Conscription
47:33 Crop Rotation
51:25 Two-Man Saw
49:55 Elite Huskarl
52:04 Pikeman
54:51 Blast Furnace
54:25 Halberdier
59:01 Capped Ram
Among Comets
14:05 Feudal Age
17:30 Castle Age
32:39 Wheelbarrow
36:37 Imperial Age
37:24 Hand Cart
39:37 Double Crossbow
39:43 Caravan
40:29 Double-Bit Axe
41:38 Ballistics
41:44 Fortified Wall
42:35 Chemistry
42:46 Bow Saw
42:48 Siege Engineers
53:16 Capped Ram
54:57 Siege Ram
55:00 Heavy Scorpion
61:49 Gold Mining
64:23 Gold Shaft Mining
Bonging Dro
0:29 Loom
14:13 Feudal Age
19:41 Castle Age
17:56 Double-Bit Axe
21:10 Horse Collar
24:45 Heavy Plow
26:56 Stone Mining
28:08 Bow Saw
30:01 Wheelbarrow
30:18 Gold Mining
31:06 Stone Shaft Mining
31:13 Stone Shaft Mining
31:54 Hand Cart
35:19 Coinage
34:50 Caravan
42:13 Imperial Age
41:20 Scale Mail Armor
41:32 Forging
41:28 Scale Barding Armor
41:40 Inquisition
41:44 Pikeman
41:48 Man-at-Arms
42:15 Gambesons
42:31 Squires
42:17 Arson
43:59 Long Swordsman
44:02 Halberdier
44:46 Murder Holes
45:54 Chemistry
45:23 Ballistics
44:30 Elite Conquistador
45:32 Conscription
44:43 Two-Handed Swordsman
44:53 Cavalier
45:44 Bloodlines
45:35 Husbandry
46:12 Chain Mail Armor
46:32 Iron Casting
46:18 Chain Barding Armor
45:50 Fletching
46:01 Padded Archer Armor
45:30 Champion
47:48 Thumb Ring
47:06 Elite Skirmisher
47:13 Paladin
48:33 Plate Mail Armor
49:08 Blast Furnace
48:32 Masonry
48:32 Fortified Wall
48:43 Bombard Tower
48:10 Arrowslits
48:16 Guard Tower
51:49 Plate Barding Armor
51:11 Bodkin Arrow
51:32 Leather Archer Armor
54:08 Two-Man Saw
58:59 Banking
58:40 Guilds
63:08 Heavy Cavalry Archer
Gehoee31
0:53 Loom
10:39 Feudal Age
25:16 Castle Age
24:01 Scale Mail Armor
24:44 Double-Bit Axe
25:16 Scale Barding Armor
25:33 Light Cavalry
26:30 Caravan
27:21 Husbandry
28:11 Forging
35:42 Bow Saw
38:43 Imperial Age
39:39 Wheelbarrow
39:51 Chain Barding Armor
39:36 Town Watch
40:11 Gold Mining
40:14 Stone Mining
40:53 Conscription
42:36 Chivalry
42:49 Town Patrol
44:37 Fletching
45:12 Cavalier
46:31 Plate Barding Armor
50:06 Bodkin Arrow
55:01 Iron Casting
66:00 Hand Cart
80:28 Ballistics
82:32 Blast Furnace
Connection lost

Rejoining the realm…

Still unreachable

The connection could not be restored.

Session expired

The server has moved on; the page needs a fresh start.